 Dungeon Crawl Stone Soup version 0.29.1-15-g9cfb28693d (webtiles) character file.

Game seed: 14541283130310960771

24395 Eduption the Cleaver (level 13, -1/84 HPs)
             Began as a Gargoyle Berserker on Apr 1, 2023.
             Was a Priest of Trog.
             Slain by a 14-headed hydra (9 damage)
             ... on level 14 of the Dungeon.
             The game lasted 01:37:08 (15216 turns).

Eduption the Cleaver (Gargoyle Berserker)          Turns: 15216, Time: 01:37:09

Health: -1/84      AC: 32    Str: 22    XL:     13   Next: 12%
Magic:  13/13      EV:  9    Int:  8    God:    Trog [***...]
Gold:   1040       SH:  0    Dex: 19    Spells: 12/12 levels left

rFire   . . .      SeeInvis +   G - +8 war axe (vamp)
rCold   . . .      Faith    +   (no shield)
rNeg    + . .      Spirit   .   K - +0 plate armour
rPois   ∞          Reflect  .   v - +1 hat {SInv}
rElec   +          Harm     .   t - +0 cloak
rCorr   .          Rampage  .   (no gloves)
Will    ++...                   p - +0 pair of boots
Stlth   ..........              d - amulet of faith
HPRegen 1.24/turn               f - +6 ring of dexterity
MPRegen 0.13/turn               C - +4 ring of protection

@: about to teleport, strong-willed, regenerating, hasted, very quick
A: sickness immunity, AC +9, negative energy resistance 1, electricity
resistance, torment resistance 1, petrification resistance, hooves 1
a: Renounce Religion, Berserk, Trog's Hand


You were on level 14 of the Dungeon.
You worshipped Trog.
Trog was most pleased with you.
You visited 2 branches of the dungeon, and saw 15 of its levels.
You visited the Abyss 1 time.
You also visited: Ossuary.

You collected 1040 gold pieces.

Inventory:

Hand Weapons
 E - a +2 great mace of holy wrath
 G - a +8 vampiric war axe (weapon)
 W - a +0 battleaxe
 Y - a +0 demon whip of venom
 Z - a +3 scimitar of flaming
Missiles
 g - 2 throwing nets
 j - 5 javelins (quivered)
 q - 104 stones
 A - 4 boomerangs
 U - 2 boomerangs of dispersal
Armour
 i - a +0 helmet
 m - +0 acid dragon scales
 p - a +0 pair of boots (worn)
 t - a +0 cloak (worn)
 v - a +1 hat of see invisible (worn)
 w - a +0 troll leather armour
 J - +0 steam dragon scales
 K - a +0 plate armour (worn)
 L - a +1 leather armour of poison resistance
Jewellery
 d - an amulet of faith (around neck)
 f - a +6 ring of dexterity (left hand)
 C - a +4 ring of protection (right hand)
 F - a ring of protection from fire
 I - an amulet of the acrobat
Scrolls
 a - 2 scrolls of poison
 b - a scroll of identify
 l - 4 scrolls of immolation
 n - 3 scrolls of amnesia
 o - 3 scrolls of noise
 N - 2 scrolls of magic mapping
 R - a scroll of enchant armour
 X - a scroll of brand weapon
Potions
 c - 3 potions of lignification
 e - 7 potions of attraction
 h - 2 potions of invisibility
 s - 2 potions of berserk rage
 z - a potion of flight {unknown}
 B - 2 potions of heal wounds {unknown}
 M - 3 potions of brilliance
 O - a potion of magic
 Q - a potion of ambrosia {unknown}
 S - 3 potions of degeneration


   Skills:
 + Level 11.5 Fighting
 - Level 13.6(14.0) Axes
 - Level 5.0(11.0) Maces & Flails
 - Level 1.8(3.7) Staves
 + Level 11.7 Armour
 + Level 3.5 Dodging
 + Level 3.4 Stealth


You had 12 spell levels left.
You didn't know any spells.
Your spell library contained the following spells:

 Spells                   Type           Power      Damage    Failure   Level
 Apportation              Tloc           0%         N/A       99%         1
 Foxfire                  Conj/Fire      0%         2x1d4     99%         1
 Conjure Flame            Conj/Fire      0%         6-21      100%        3
 Inner Flame              Hex/Fire       0%         N/A       100%        3
 Portal Projectile        Hex/Tloc       0%         N/A       100%        3
 Tukima's Dance           Hex            0%         N/A       100%        3
 Flame Wave               Conj/Fire      0%         2d4       100%        4
 Alistair's Intoxication  Tmut/Pois      0%         N/A       100%        5
 Blade Hands              Tmut           0%         N/A       100%        5


Dungeon Overview and Level Annotations

Branches:
Dungeon (14/15)            Temple (0/1) D:5            Lair (0/5) D:10
    Orc (1/2) D:9          Vaults (0/5) D:13        Ossuary (visited)

Altars:
Ashenzari
Dithmenos
Elyvilon
Fedhas
Gozag
Makhleb
Nemelex Xobeh
Qazlal
Ru
Sif Muna
Zin

Shops:
D:3 :   D:5 =   D:9 *

Annotations:
D:9 3 runed translucent doors, raph's ghost, novice MiBe


Innate Abilities, Weirdness & Mutations

You are immune to sickness and miasma.
Your stone body is resilient. (AC +9)
You are immune to poison.
You resist negative energy. (rN+)
You are resistant to electric shocks. (rElec)
You are resistant to unholy torment.
You are immune to petrification.
You have large cloven feet.


Message History

The 14-headed hydra closely misses you.
The 14-headed hydra bites you but does no damage.
The 14-headed hydra closely misses you.
The 14-headed hydra bites you but does no damage. x3
The 14-headed hydra bites you. The 14-headed hydra barely misses you.
The 14-headed hydra bites you.
* * * LOW HITPOINT WARNING * * *
The 14-headed hydra bites you but does no damage.
The 14-headed hydra bites you.
* * * LOW HITPOINT WARNING * * *
Okay, then.
You feel better.
You are too injured to fight recklessly!
You are too injured to fight recklessly!
You drop a +3 battleaxe of flaming.
The 14-headed hydra bites you but does no damage.
The 14-headed hydra closely misses you. The 14-headed hydra bites you.
The 14-headed hydra bites you but does no damage.
The 14-headed hydra bites you. The 14-headed hydra barely misses you.
The 14-headed hydra completely misses you.
The 14-headed hydra barely misses you.
The 14-headed hydra bites you but does no damage.
The 14-headed hydra barely misses you.
The 14-headed hydra bites you but does no damage. x2
The 14-headed hydra closely misses you. The 14-headed hydra bites you.
* * * LOW HITPOINT WARNING * * *
Save game and exit?
Okay, then.
You recover from your berserk rage.
The 14-headed hydra closely misses you. The 14-headed hydra bites you.
* * * LOW HITPOINT WARNING * * *
The 14-headed hydra bites you but does no damage.
The 14-headed hydra bites you!
* * * LOW HITPOINT WARNING * * *
The 14-headed hydra completely misses you.
The 14-headed hydra bites you but does no damage. x3
The 14-headed hydra completely misses you.
The 14-headed hydra bites you but does no damage.
The 14-headed hydra closely misses you. The 14-headed hydra bites you!
You die...

#.......# #..
#.......# ##.######
#.......# #.......#
#.......# #..####.#
#.......# #..<# #.#
#.......####...# #.#
#..............# #.#
######.#####..####.#
#.# ##@......#
#.####D.#######
#..)†..## #..#####
#... #..### .D..
..... ......


You could see a 14-headed hydra.

Vanquished Creatures
  Gastronok (D:11)
  An ironbound preserver (D:13)
  4 boulder beetles
  A hydra (D:13)
  Erica (D:11)
  2 two-headed ogres
  2 tengu warriors
  Amaemon (D:11)
  A skeletal warrior (D:13)
  Pikel (D:6)
  A cyclops (D:13)
  3 manticores
  Maurice (D:12)
  An orange demon (D:11)
  A gargoyle (D:11)
  An unseen horror (D:11)
  A kobold demonologist (D:13)
  4 trolls
  A hornet (shapeshifter) (D:13)
  Prince Ribbit (D:8)
  A slime creature (D:13)
  Sigmund (D:3)
  2 wraiths
  A wyvern (D:9)
  29 yaks
  A steam dragon (D:9)
  3 vampire mosquitoes (D:13)
  A warg (Orc:1)
  An acid dragon (D:10)
  A water moccasin (D:5)
  4 black bears
  3 ogres
  5 orc warriors
  An ice beast (D:8)
  5 sky beasts
  4 lemures (D:6)
  A kobold brigand (D:7)
  2 bullfrogs
  5 scorpions
  3 water moccasin zombies (Ossuary)
  2 necrophages (D:7)
  4 wights (D:6)
  A howler monkey (D:7)
  2 gnoll boudas
  3 hounds
  4 jellies
  Crazy Yiuf (D:2)
  9 orc priests
  2 iguanas (D:6)
  7 orc wizards
  2 mummies (Ossuary)
  Robin (D:3)
  8 gnolls
  9 adders
  A shadow imp (D:6)
  A white imp (D:6)
  An ufetubus (D:6)
  4 adder zombies (Ossuary)
  2 worms
  2 dart slugs
  26 orcs
  4 bats
  2 endoplasms
  2 giant cockroaches
  4 gnoll zombies (Ossuary)
  8 hobgoblins
  7 jackals
  A quokka (D:3)
  4 ball pythons
  2 frilled lizards (D:2)
  12 goblins
  6 hobgoblin zombies (Ossuary)
  12 kobolds
  7 kobold zombies (Ossuary)
  5 orc zombies (Ossuary)
  7 rats
279 creatures vanquished.

Vanquished Creatures (collateral kills)
  A centaur warrior (D:13)
  Psyche (D:10)
  A hornet (D:7)
  A water moccasin (D:7)
  A necrophage (D:6)
  A scorpion (D:7)
  2 howler monkeys (D:7)
  An orc priest (D:6)
  2 orcs (D:6)
11 creatures vanquished.

Vanquished Creatures (others)
  5 fungi (D:10)
  7 plants
12 creatures vanquished.

Grand Total: 302 creatures vanquished

Notes
Turn   | Place    | Note
-------+----------+-------------------------------------------
     0 | D:1      | Eduption the Gargoyle Berserker began the quest for the
                  | Orb.
     0 | D:1      | Reached XP level 1. HP: 14/14 MP: 1/1
   263 | D:1      | Reached XP level 2. HP: 16/19 MP: 2/2
  1410 | D:2      | Reached XP level 3. HP: 23/24 MP: 3/3
  2172 | D:2      | Found a runed translucent door.
  2173 | D:2      | Noticed Crazy Yiuf
  2179 | D:2      | Killed Crazy Yiuf
  2180 | D:2      | Reached XP level 4. HP: 29/29 MP: 4/4
  2492 | D:3      | Noticed Sigmund
  2503 | D:3      | Killed Sigmund
  2504 | D:3      | Reached skill level 1 in Stealth
  2504 | D:3      | Reached XP level 5. HP: 21/34 MP: 5/5
  2773 | D:3      | Reached ** piety under Trog
  2774 | D:3      | Reached skill level 5 in Maces & Flails
  2774 | D:3      | Reached XP level 6. HP: 39/39 MP: 6/6
  2845 | D:3      | Reached skill level 1 in Staves
  2946 | D:3      | Found a faded altar of an unknown god.
  3087 | D:3      | Found a shimmering blue altar of Sif Muna.
  3180 | D:3      | Noticed Robin
  3200 | D:3      | Killed Robin
  3272 | D:3      | Found Banuys's Book Boutique.
  3319 | D:3      | Found a sparkling altar of Nemelex Xobeh.
  3319 | D:3      | Found a transporter.
  3486 | D:3      | Found a burning altar of Makhleb.
  3727 | D:4      | Found a white marble altar of Elyvilon.
  4079 | D:4      | Reached *** piety under Trog
  4094 | D:4      | Reached skill level 1 in Axes
  4155 | D:4      | Found a blossoming altar of Fedhas.
  4286 | D:4      | Found a transporter.
  4313 | D:4      | Found a transporter.
  4676 | D:4      | Reached XP level 7. HP: 44/44 MP: 7/7
  5100 | D:4      | Gained mutation: You have a pair of small horns on your
                  | head. [potion of mutation]
  5100 | D:4      | Gained mutation: Your flesh is cold resistant. (rC+)
                  | [potion of mutation]
  5680 | D:5      | Entered Level 5 of the Dungeon
  5709 | D:5      | Reached skill level 2 in Axes
  5850 | D:5      | Reached skill level 3 in Axes
  5866 | D:5      | Found a staircase to the Ecumenical Temple.
  6068 | D:5      | Reached XP level 8. HP: 48/48 MP: 8/8
  6114 | D:5      | Found Ipull's Jewellery Shoppe.
  6118 | D:5      | Reached skill level 5 in Fighting
  6275 | D:5      | Found a sand-covered staircase.
  6282 | Ossuary  | Entered an ossuary
  6314 | Ossuary  | Reached skill level 4 in Axes
  6332 | Ossuary  | Reached skill level 5 in Armour
  6501 | Ossuary  | Lost mutation: You have a pair of small horns on your head.
                  | [potion of mutation]
  6501 | Ossuary  | Lost mutation: Your flesh is cold resistant. (rC+) [potion
                  | of mutation]
  6501 | Ossuary  | Gained mutation: Your spells are a little easier to cast,
                  | but a little less powerful. [potion of mutation]
  6501 | Ossuary  | Gained mutation: Armour fits poorly on your strangely
                  | shaped body. [potion of mutation]
  6502 | Ossuary  | Lost mutation: Armour fits poorly on your strangely shaped
                  | body. [potion of mutation]
  6502 | Ossuary  | Lost mutation: Your spells are a little easier to cast, but
                  | a little less powerful. [potion of mutation]
  6502 | Ossuary  | Gained mutation: You have large cloven feet. [potion of
                  | mutation]
  6809 | D:6      | Reached skill level 5 in Axes
  7033 | D:6      | Reached skill level 6 in Axes
  7082 | D:6      | Reached XP level 9. HP: 54/54 MP: 9/9
  7227 | D:6      | Noticed Pikel
  7274 | D:6      | Killed Pikel
  7275 | D:6      | Reached skill level 7 in Axes
  7299 | D:6      | Found a glowing silver altar of Zin.
  8017 | D:7      | Reached skill level 8 in Axes
  8048 | D:7      | Found a stormy altar of Qazlal.
  8122 | D:7      | Noticed a hornet
  8132 | D:7      | Killed a hornet
  8146 | D:7      | Reached skill level 9 in Axes
  8146 | D:7      | Reached XP level 10. HP: 60/60 MP: 10/10
  8163 | D:7      | Found a shadowy altar of Dithmenos.
  8936 | D:8      | Found a broken altar of Ashenzari.
  8989 | D:8      | Noticed Prince Ribbit
  9002 | D:8      | Killed Prince Ribbit
  9438 | D:9      | Found a runed translucent gate.
  9438 | D:9      | Found a runed translucent gate.
  9438 | D:9      | Found an opulent altar of Gozag.
  9438 | D:9      | Found a runed translucent gate.
  9439 | D:9      | Noticed raph's ghost (novice MiBe)
  9440 | D:9      | Noticed a centaur warrior
  9483 | D:9      | Found a sacrificial altar of Ru.
  9562 | D:9      | Reached skill level 10 in Axes
  9635 | D:9      | Found an opulent altar of Gozag.
 10169 | D:9      | Found a staircase to the Orcish Mines.
 10511 | D:9      | Found Cidghaopn's Assorted Antiques.
 10560 | D:10     | Entered Level 10 of the Dungeon
 10712 | D:10     | Reached skill level 11 in Axes
 10845 | D:9      | Reached XP level 11. HP: 66/67 MP: 11/11
 10949 | D:10     | Reached **** piety under Trog
 11291 | D:10     | Found a staircase to the Lair.
 11533 | D:10     | Noticed Psyche
 11537 | Abyss:2  | Cast into level 2 of the Abyss (Psyche)
 11573 | D:10     | Escaped the Abyss
 11576 | D:10     | Killed Psyche
 12228 | Orc:1    | Entered Level 1 of the Orcish Mines
 12242 | Orc:1    | Noticed an orc sorcerer
 12242 | Orc:1    | Noticed an orc knight
 12337 | D:11     | Noticed Amaemon
 12370 | D:11     | Noticed a manticore
 12383 | D:11     | Killed a manticore
 12526 | D:11     | Killed Amaemon
 12545 | D:11     | Reached skill level 12 in Axes
 12654 | D:11     | Noticed Erica
 12666 | D:11     | Killed Erica
 12792 | D:11     | Noticed a two-headed ogre
 12814 | D:11     | Killed a two-headed ogre
 13007 | D:11     | Noticed Gastronok
 13019 | D:11     | Killed Gastronok
 13020 | D:11     | Reached XP level 12. HP: 76/76 MP: 12/12
 13420 | D:12     | Noticed Maurice
 13420 | D:12     | Paralysed by Maurice for 5 turns
 13444 | D:12     | Killed Maurice
 13475 | D:12     | Found a gate leading to a gauntlet.
 13837 | D:13     | Noticed a centaur warrior
 13850 | D:13     | Reached skill level 13 in Axes
 13852 | D:13     | Killed a centaur warrior
 13853 | D:13     | Reached skill level 10 in Fighting
 14008 | D:13     | Noticed a boulder beetle
 14017 | D:13     | Killed a boulder beetle
 14018 | D:13     | Reached skill level 10 in Armour
 14370 | D:13     | Noticed a two-headed ogre
 14370 | D:13     | Noticed a boulder beetle
 14378 | D:13     | Killed a two-headed ogre
 14387 | D:13     | Killed a boulder beetle
 14562 | D:13     | Noticed a tengu warrior
 14573 | D:13     | Killed a tengu warrior
 14670 | D:13     | Found a gate to the Vaults.
 14670 | D:13     | Noticed an ironbound preserver
 14685 | D:13     | Killed an ironbound preserver
 14732 | D:13     | Noticed a seven-headed hydra
 14751 | D:13     | Killed a 20-headed hydra
 14752 | D:13     | Reached XP level 13. HP: 53/84 MP: 13/13
 15216 | D:14     | Slain by a 14-headed hydra

Illustrated notes

Levels and vault maps discovered:
D:1:      dpeg_arrival_tiny_d, layout_loops_ring
D:2:      layout_loops_corners, uniq_crazy_yiuf_cottage
D:3:      layout_loops_ring, marbit_many_paths, grunt_nemelex_the_gamble,
          general_overflow_altar, shapermc_ecumenical_altar_starsandcircs,
          serial_shops, nicolae_square_shop, uniq_sigmund, uniq_robin
D:4:      gammafunk_steamed_eel, layout_loops_ring,
          mainiacjoe_overflow_alcove_1, lemuel_crystal_altar
D:5:      layout_rooms, temple_hall, serial_shops, nicolae_shop_crystal,
          lightli_ossuary_entry_decrepit_ruins
D:6:      layout_rooms, mainiacjoe_overflow_cross_hatched, serial_corexii_hall,
          chequers_hall_statues_wall_a, corexii_hall_statues_i,
          minmay_misc_feat_encased, minmay_misc_feat_iff, uniq_pikel
D:7:      layout_cave_pools, nicolae_qazlal_scattered_showers,
          nicolae_dithmenos_shadow_blocks, chequers_serial_rivers_micro_c,
          minmay_misc_feat_hallway, minmay_misc_feat_alley,
          minmay_misc_feat_tower, minmay_misc_feat_square
D:8:      layout_basic, ashenzari_altar_1, lemuel_crystal_altar,
          uniq_prince_ribbit1
D:9:      layout_rooms, amcnicky_altar_gilded, nicolae_ru_sacrificial_ziggurat,
          erik_orc_3, ebering_ghost_gozag
D:10:     layout_rooms, grunt_lair_entry_orc_guard_hut, uniq_psyche
D:11:     layout_basic, uniq_amaemon, uniq_erica, uniq_gastronok
D:12:     layout_cave_pods, gauntlet_entry_generic, uniq_frances, uniq_maurice
D:13:     layout_loops_ring, skrybe_vaults_entry_preservation
D:14:     layout_basic, fedhas_altar_2
Orc:1:    layout_caves, basic_altar, serial_shops, nicolae_shop_stone,
          david_defended_altar_orc, uniq_erolcha, uniq_harold

Skill      XL: |  1  2  3  4  5  6  7  8  9 10 11 12 |
---------------+-------------------------------------+-----
Fighting       | 4 5 6 7 9 11 | 11.5
Maces & Flails | 4 5 |  5.0
Dodging        | 2 3 |  3.5
Stealth        | 1 2 3 |  3.4
Staves         | 1 |  1.8
Axes           | 1 3 6 9 11 12 13 | 13.6
Armour         | 4 5 6 7 9 11 | 11.7

Action                   |  1- 3 |  4- 6 |  7- 9 | 10-12 | 13-15 || total
-------------------------+-------+-------+-------+-------+-------++-------
Melee: Mace              |    99 |       |       |       |       ||    99
       Quarterstaff      |       |    73 |       |       |       ||    73
       Hand axe          |       |    32 |   196 |       |       ||   228
       Headbutt          |       |       |    26 |       |       ||    26
       Punch             |       |       |     6 |     1 |     1 ||     8
       War axe           |       |       |    77 |   470 |    49 ||   596
Throw: Javelin           |       |       |       |     1 |       ||     1
Invok: Berserk           |     4 |     2 |     7 |    22 |     2 ||    37
       Trog's Hand       |       |     1 |     2 |    10 |     1 ||    14
       Brothers in Arms  |       |       |       |     2 |       ||     2
  Use: Scroll            |     2 |     4 |    17 |     8 |     4 ||    35
       Potion            |       |       |     9 |     5 |     6 ||    20
Armor: Animal skin       |    43 |       |       |       |       ||    43
       Ring mail         |       |    52 |       |       |       ||    52
       Chain mail        |       |     5 |    76 |       |       ||    81
       Plate armour      |       |       |   162 |   455 |   108 ||   725
Dodge: Dodged            |    64 |    70 |   115 |   205 |    43 ||   497
